AoeStats
← 牛。魔王

Arena

509631844Analyzed
2v2 RM · 5d ago on Sep 27, 2026· 63m 0s· 4 players
Game mode
Random Map
Map size
Medium (4 player)
Population
200
Speed
Normal
Resources
Standard
Victory
Conquest
Starting age
Dark Age
Ending age
Imperial Age
RankedLock teamsTeams togetherTeam positionsShared explorationLock speedFull tech treeHidden civsTurbo modeCheats
Victory
Defeat
🇹🇼 Byzantines · Taiwan
857
+16
🇹🇼 Mongols · Taiwan
841
+17
🇫🇷 Vikings · France
870
-17
🇬🇷 Vietnamese · Greece
840
-16
Horizon
8:42 Loom
10:42 Feudal Age
11:31 Horse Collar
11:37 Double-Bit Axe
18:05 Castle Age
25:45 Imperial Age
25:17 Wheelbarrow
25:19 Bow Saw
25:29 Fletching
25:40 Padded Archer Armor
26:02 Gold Mining
26:02 Stone Mining
26:06 Treadmill Crane
26:46 Ballistics
26:38 Masonry
30:04 Chemistry
28:50 Arrowslits
29:16 Arrowslits
29:51 Leather Archer Armor
30:09 Murder Holes
31:18 Guilds
31:39 Coinage
32:20 Hand Cart
33:16 Stone Shaft Mining
32:41 Bodkin Arrow
33:17 Ring Archer Armor
32:53 Scale Barding Armor
32:59 Forging
33:19 Husbandry
33:29 Bloodlines
33:33 Forging
34:01 Town Watch
34:22 Elite Battle Elephant
34:59 Elite Skirmisher
36:12 Chain Barding Armor
36:17 Thumb Ring
35:41 Imperial Skirmisher
37:20 Fortified Wall
38:23 Town Patrol
40:57 Bracer
41:33 Iron Casting
41:46 Plate Barding Armor
43:12 Chatras
43:35 Paper Money
43:23 Chatras
43:45 Paper Money
44:01 Hoardings
42:56 Sappers
48:13 Siege Engineers
58:08 Light Cavalry
robin-21
3:41 Loom
12:04 Feudal Age
12:41 Double-Bit Axe
12:38 Horse Collar
16:50 Gold Mining
19:29 Castle Age
22:02 Bow Saw
26:04 Caravan
27:08 Heavy Plow
28:15 Gold Shaft Mining
27:30 Stone Mining
33:45 Imperial Age
31:29 Forging
31:20 Scale Mail Armor
31:26 Squires
31:11 Arson
33:00 Chain Mail Armor
33:20 Iron Casting
34:12 Treadmill Crane
34:42 Masonry
34:53 Ballistics
34:44 Siege Engineers
34:51 Fortified Wall
35:16 Plate Mail Armor
35:46 Blast Furnace
35:21 Conscription
36:50 Two-Man Saw
36:22 Crop Rotation
37:00 Town Watch
37:36 Chieftains
37:47 Elite Berserk
38:18 Pikeman
41:37 Capped Ram
41:49 Capped Ram
43:41 Elite Varangian Guard
46:52 Elite Skirmisher
47:30 Fletching
47:41 Padded Archer Armor
48:53 Architecture
48:13 Heated Shot
48:26 Bodkin Arrow
48:46 Leather Archer Armor
48:16 Imperial Skirmisher
48:44 Heavy Scorpion
50:11 Imperial Skirmisher
59:42 Ring Archer Armor
59:12 Bracer
貧僧法號元吉
0:29 Loom
13:21 Feudal Age
17:22 Castle Age
15:23 Double-Bit Axe
15:21 Horse Collar
16:32 Stone Mining
16:37 Gold Mining
18:25 Wheelbarrow
19:02 Bow Saw
19:44 Loom
26:15 Hand Cart
28:38 Imperial Age
27:32 Hand Cart
28:16 Heavy Plow
30:54 Two-Man Saw
30:26 Conscription
30:23 Scale Barding Armor
30:30 Forging
32:44 Crop Rotation
34:27 Chemistry
33:49 Ballistics
34:54 Gold Shaft Mining
34:00 Pikeman
37:37 Stone Shaft Mining
39:00 Hoardings
37:47 Elite Cataphract
40:48 Logistica
41:17 Iron Casting
40:42 Scale Mail Armor
41:03 Chain Barding Armor
40:37 Fletching
40:47 Padded Archer Armor
40:31 Treadmill Crane
41:04 Fortified Wall
40:50 Murder Holes
40:42 Arrowslits
41:02 Light Cavalry
41:43 Husbandry
41:05 Halberdier
41:46 Squires
43:15 Hussar
47:04 Chain Mail Armor
47:24 Plate Barding Armor
60:46 Arson
61:38 Plate Mail Armor
61:04 Bodkin Arrow
61:24 Leather Archer Armor
牛。魔王
13:51 Feudal Age
17:38 Castle Age
15:26 Double-Bit Axe
15:22 Horse Collar
19:15 Bow Saw
19:07 Heavy Plow
20:28 Wheelbarrow
22:19 Stone Mining
22:34 Fletching
24:47 Stone Shaft Mining
25:07 Hand Cart
25:47 Town Watch
26:21 Bodkin Arrow
28:02 Town Patrol
28:52 Padded Archer Armor
31:45 Imperial Age
29:03 Loom
29:38 Thumb Ring
29:39 Husbandry
29:49 Gold Mining
30:47 Leather Archer Armor
31:13 Nomads
30:54 Light Cavalry
32:03 Bloodlines
32:18 Ballistics
32:14 Fortified Wall
32:15 Masonry
33:44 Parthian Tactics
33:23 Bracer
33:27 Hussar
34:18 Scale Barding Armor
34:24 Forging
35:41 Gold Shaft Mining
35:38 Chain Barding Armor
36:08 Conscription
37:05 Chemistry
36:15 Siege Engineers
37:53 Iron Casting
38:17 Drill
37:50 Elite Mangudai
41:26 Heavy Scorpion
43:11 Blast Furnace
46:20 Capped Ram
47:39 Murder Holes
47:40 Siege Ram
Connection lost

Rejoining the realm…

Still unreachable

The connection could not be restored.

Session expired

The server has moved on; the page needs a fresh start.